 Dungeon Crawl Stone Soup version 0.29.0-4-gdea44cf6ec (webtiles) character file.

Game seed: 9209483791848963011

132 qw the Ruffian (level 5, -4/41 HPs)
             Began as a Ghoul Fire Elementalist on Aug 29, 2022.
             Splashed by a jelly's acid (10 damage)
             ... on level 3 of the Dungeon.
             The game lasted 00:02:30 (2700 turns).

qw the Ruffian (Ghoul Fire Elementalist)            Turns: 2700, Time: 00:02:31

Health: -4/41      AC:  3    Str: 14    XL:     5   Next: 15%
Magic:  6/6        EV: 10    Int: 10    God:
Gold:   98         SH:  0    Dex:  9    Spells: 6/7 levels left

rFire   . . .      SeeInvis .     - Unarmed
rCold   + . .      Faith    .   (no shield)
rNeg    + + +      Spirit   .   g - +0 ring mail
rPois   inf        Reflect  .   (no helmet)
rElec   .          Harm     .   c - +1 cloak
rCorr   .          Rampage  .   (no gloves)
Will    .....                   (no boots)
Stlth   +.........              (no amulet)
HPRegen 0.00/turn               (no ring)
MPRegen 0.10/turn               (no ring)

@: corroded, inhibited regen
A: claws 1, cold resistance 1, negative energy resistance 3, inhibited
regeneration, torment resistance 2, devour on kill
a: no special abilities


You were on level 3 of the Dungeon.
You visited 1 branch of the dungeon, and saw 3 of its levels.

You collected 98 gold pieces.


Innate Abilities, Weirdness & Mutations

You are immune to poison.
You have sharp fingernails.
Your flesh is cold resistant. (rC+)
You are immune to negative energy. (rN+++)
You do not regenerate when monsters are visible.
You are immune to unholy pain and torment.
You thrive by killing the living.


   Skills:
 - Level 2.0 Fighting
 - Level 1.7 Dodging
 - Level 2.1 Stealth
 + Level 4.5 Unarmed Combat
 - Level 1.7 Spellcasting
 - Level 0.7 Conjurations
 - Level 2.4 Fire Magic


You had 6 spell levels left.
You knew the following spells:

 Your Spells              Type           Power      Damage    Failure   Level
a - Foxfire               Conj/Fire      16%        2x1d4     34%         1

Your spell library contained the following spells:

 Spells                   Type           Power      Damage    Failure   Level
 Scorch                   Fire           10%        2d6       36%         2
 Conjure Flame            Conj/Fire      4%         6-21      71%         3
 Inner Flame              Hex/Fire       3%         N/A       77%         3
 Flame Wave               Conj/Fire      4%         2d5       98%         4

Inventory:

Armour
 c - a +1 cloak (worn)
 g - a +0 ring mail (worn)
Scrolls
 a - a scroll of fear {unknown}
 i - a scroll of identify
Potions
 b - a potion of invisibility {unknown}
 e - a potion of mutation {unknown}
 f - a potion of ambrosia {unknown}
 h - a potion of resistance {unknown}

Dungeon Overview and Level Annotations

Branches:
Dungeon (3/15)

Altars:
Wu Jian


Message History

You closely miss the bat. The bat barely misses you.
The bat hits you but does no damage. The endoplasm freezes you.
You are frozen.
You resist. The goblin hits you but does no damage.
You scratch the bat.
You kill the bat!
You feel better.
The endoplasm hits you but does no damage.
The goblin hits you but does no damage.
2690 ||| Stepping ~*~*~tactically~*~*~ (outnumbered).
The goblin hits you but does no damage.
The endoplasm jiggles.
2691 ||| Stepping ~*~*~tactically~*~*~ (outnumbered).
The jelly attacks as you move away! The jelly hits you but does no damage.
The teleport trap disappears.
The goblin disappears!
You claw the jelly!
Your claws burn!
The jelly is heavily wounded.
The jelly closely misses you.
You scratch the jelly.
Your claws burn!
The jelly is severely wounded.
You scratch the jelly.
Your claws burn!
The jelly is almost dead.
The jelly hits you but does no damage.
2695 ||| Stepping ~*~*~tactically~*~*~ (outnumbered).
The jelly attacks as you move away! The jelly barely misses you.
The endoplasm attacks as you move away! The endoplasm hits you.
Found an embroidered hat.
You scratch the endoplasm.
The endoplasm is almost dead.
The endoplasm completely misses you.
2697 ||| Stepping ~*~*~tactically~*~*~ (outnumbered).
The endoplasm attacks as you move away! The endoplasm closely misses you.
The jelly attacks as you move away! The jelly hits you but does no damage.
2698 ||| Stepping ~*~*~tactically~*~*~ (outnumbered).
The endoplasm attacks as you move away! The endoplasm barely misses you.
2699 ||| Stepping ~*~*~tactically~*~*~ (outnumbered).
2700 ||| Stepping ~*~*~tactically~*~*~ (outnumbered).
The jelly attacks as you move away! The jelly hits you. The acid corrodes you!
You are splashed with acid!
You die...

####### .. #.....#
..... # #.....#
..... #..
#.....##.....
#....#@J..........
........J..........
......###..........
....###.........#
..# #.....#..?..# #
#[...:..#.....###
###.....#........
.###...#....####
...###.#)...#####.


You could see a jelly and an endoplasm.

Vanquished Creatures
  Robin (D:3)
  6 adders
  A dart slug (D:2)
  5 bats
  6 endoplasms
  2 giant cockroaches
  12 goblins
  8 hobgoblins
  3 jackals (D:1)
  2 quokkas
  2 ball pythons (D:2)
  3 frilled lizards
  5 kobolds
  3 rats (D:1)
  A spectral kobold (D:1)
60 creatures vanquished.

Notes
Turn   | Place    | Note
-------+----------+-------------------------------------------
     0 | D:1      | qw the Ghoul Fire Elementalist began the quest for the Orb.
     0 | D:1      | Reached XP level 1. HP: 14/14 MP: 2/2
     0 | D:1      | 0 ||| qw: Version: 0.1-a-90-g952f4b7
     0 | D:1      | 0 ||| qw: Game counter: 3693
     0 | D:1      | 0 ||| qw: Always use a shield: true
     0 | D:1      | 0 ||| qw: God list: Okawaru
     0 | D:1      | 0 ||| qw: Allow faded altars: false
     0 | D:1      | 0 ||| qw: Do Orc after D:15 true
     0 | D:1      | 0 ||| qw: Do second Lair branch before Depths: true
     0 | D:1      | 0 ||| qw: Lair rune preference: random
     0 | D:1      | 0 ||| qw: Plans: Normal
     0 | D:1      | 0 ||| PLANNING D:1-11
    88 | D:1      | Reached skill level 1 in Unarmed Combat
   212 | D:1      | Reached skill level 1 in Fighting
   212 | D:1      | Reached XP level 2. HP: 19/23 MP: 3/3
   275 | D:1      | 275 ||| Stepping ~*~*~tactically~*~*~ (stealth).
   321 | D:1      | 321 ||| Stepping ~*~*~tactically~*~*~ (stealth).
   369 | D:1      | 369 ||| Stepping ~*~*~tactically~*~*~ (stealth).
   388 | D:1      | 388 ||| Stepping ~*~*~tactically~*~*~ (stealth).
   391 | D:1      | 391 ||| Stepping ~*~*~tactically~*~*~ (stealth).
   392 | D:1      | 392 ||| Stepping ~*~*~tactically~*~*~ (stealth).
   479 | D:1      | 479 ||| Stepping ~*~*~tactically~*~*~ (stealth).
   480 | D:1      | 480 ||| Stepping ~*~*~tactically~*~*~ (stealth).
   635 | D:1      | Reached skill level 2 in Unarmed Combat
   681 | D:1      | Found a faded altar of an unknown god.
   886 | D:1      | Reached XP level 3. HP: 28/28 MP: 4/4
  1363 | D:1      | 1363 ||| UPGRADING to +0 cloak.
  1368 | D:1      | 1368 ||| UPGRADING to +0 ring mail.
  1378 | D:1      | 1378 ||| DROPPING +0 robe.
  1379 | D:1      | 1379 ||| READING scroll labelled VUXUVEY COID.
  1380 | D:1      | 1380 ||| READING 2 scrolls labelled HAMU LEMIRENT.
  1381 | D:1      | 1381 ||| READING scroll labelled PINGUL TUSY.
  1382 | D:1      | 1382 ||| READING scroll labelled EDINET IPTY.
  1383 | D:1      | 1383 ||| READING 2 scrolls labelled MISCHE VACECH.
  1384 | D:1      | 1384 ||| READING scroll of enchant armour.
  1384 | D:1      | 1384 ||| ENCHANTING +0 cloak.
  1385 | D:1      | 1385 ||| READING scroll labelled UMEMUCVIWONN.
  1386 | D:1      | 1386 ||| DROPPING potion of magic.
  1487 | D:2      | 1487 ||| FLEEEEING.
  1488 | D:2      | 1488 ||| FLEEEEING.
  1489 | D:2      | 1489 ||| FLEEEEING.
  1490 | D:2      | 1490 ||| FLEEEEING.
  1491 | D:2      | 1491 ||| FLEEEEING.
  1492 | D:2      | 1492 ||| FLEEEEING.
  1496 | D:2      | 1496 ||| FLEEEEING.
  1497 | D:2      | 1497 ||| FLEEEEING.
  1498 | D:2      | 1498 ||| FLEEEEING.
  1499 | D:2      | 1499 ||| FLEEEEING.
  1500 | D:2      | 1500 ||| FLEEEEING.
  1586 | D:2      | Reached skill level 3 in Unarmed Combat
  1656 | D:2      | Reached XP level 4. HP: 33/35 MP: 5/5
  1810 | D:2      | Reached skill level 4 in Unarmed Combat
  2442 | D:2      | 2442 ||| DROPPING orb of guile.
  2443 | D:2      | 2443 ||| READING scroll labelled PEZAIZ OHEOCLE.
  2486 | D:3      | Found an ornate altar of the Wu Jian Council.
  2488 | D:3      | 2488 ||| Stepping ~*~*~tactically~*~*~ (stealth).
  2596 | D:3      | 2596 ||| Stepping ~*~*~tactically~*~*~ (stealth).
  2604 | D:3      | 2604 ||| Stepping ~*~*~tactically~*~*~ (outnumbered).
  2605 | D:3      | 2605 ||| Stepping ~*~*~tactically~*~*~ (outnumbered).
  2606 | D:3      | 2606 ||| Stepping ~*~*~tactically~*~*~ (outnumbered).
  2623 | D:3      | 2623 ||| Stepping ~*~*~tactically~*~*~ (stealth).
  2625 | D:3      | 2625 ||| Stepping ~*~*~tactically~*~*~ (stealth).
  2635 | D:3      | 2635 ||| Stepping ~*~*~tactically~*~*~ (outnumbered).
  2636 | D:3      | 2636 ||| Stepping ~*~*~tactically~*~*~ (outnumbered).
  2641 | D:3      | Reached XP level 5. HP: 41/41 MP: 6/6
  2647 | D:3      | Noticed Robin
  2654 | D:3      | 2654 ||| Stepping ~*~*~tactically~*~*~ (outnumbered).
  2655 | D:3      | 2655 ||| Stepping ~*~*~tactically~*~*~ (outnumbered).
  2656 | D:3      | 2656 ||| Stepping ~*~*~tactically~*~*~ (outnumbered).
  2657 | D:3      | 2657 ||| Stepping ~*~*~tactically~*~*~ (outnumbered).
  2658 | D:3      | 2658 ||| Stepping ~*~*~tactically~*~*~ (outnumbered).
  2659 | D:3      | 2659 ||| Stepping ~*~*~tactically~*~*~ (outnumbered).
  2660 | D:3      | 2660 ||| Stepping ~*~*~tactically~*~*~ (outnumbered).
  2661 | D:3      | 2661 ||| Stepping ~*~*~tactically~*~*~ (outnumbered).
  2662 | D:3      | 2662 ||| Stepping ~*~*~tactically~*~*~ (outnumbered).
  2669 | D:3      | 2669 ||| Stepping ~*~*~tactically~*~*~ (outnumbered).
  2670 | D:3      | 2670 ||| Stepping ~*~*~tactically~*~*~ (outnumbered).
  2671 | D:3      | 2671 ||| Stepping ~*~*~tactically~*~*~ (hiding).
  2673 | D:3      | 2673 ||| Stepping ~*~*~tactically~*~*~ (outnumbered).
  2682 | D:3      | 2682 ||| Stepping ~*~*~tactically~*~*~ (outnumbered).
  2685 | D:3      | HP: 10/41 [frozen (2)]
  2686 | D:3      | Killed Robin
  2687 | D:3      | 2687 ||| Stepping ~*~*~tactically~*~*~ (outnumbered).
  2690 | D:3      | 2690 ||| Stepping ~*~*~tactically~*~*~ (outnumbered).
  2691 | D:3      | 2691 ||| Stepping ~*~*~tactically~*~*~ (outnumbered).
  2693 | D:3      | HP: 10/41 [acid (1)]
  2695 | D:3      | 2695 ||| Stepping ~*~*~tactically~*~*~ (outnumbered).
  2697 | D:3      | 2697 ||| Stepping ~*~*~tactically~*~*~ (outnumbered).
  2698 | D:3      | 2698 ||| Stepping ~*~*~tactically~*~*~ (outnumbered).
  2699 | D:3      | 2699 ||| Stepping ~*~*~tactically~*~*~ (outnumbered).
  2700 | D:3      | 2700 ||| Stepping ~*~*~tactically~*~*~ (outnumbered).
  2700 | D:3      | HP: 6/41 [jelly (1)]
  2700 | D:3      | Splashed by a jelly's acid

Levels and vault maps discovered:
D:1:      evilmike_arrival_hilbert_curve, layout_loops_ring,
          dreamdust_ecumenical_altar_drowned_temple,
          minmay_misc_feat_more_columns, serial_bayou_lake_a
D:2:      layout_basic
D:3:      minmay_angry_zag, layout_basic, mainiacjoe_overflow_catwalk,
          minmay_unequal, uniq_ijyb, uniq_jessica, uniq_robin

Skill      XL: |  1  2  3  4 |
---------------+-------------+-----
Unarmed Combat | 1 2 3 4 |  4.5
Fighting       | 1 2 |  2.0
Dodging        | |  1.7
Stealth        | |  2.1
Spellcasting   | |  1.7
Conjurations   | |  0.7
Fire Magic     | |  2.4

Action                   |  1- 3 |  4- 6 || total
-------------------------+-------+-------++-------
Melee: Unarmed           |   126 |    99 ||   225
       Punch             |     1 |     3 ||     4
  Use: Scroll            |     7 |     1 ||     8
Armor: Robe              |    12 |       ||    12
       Ring mail         |    14 |    82 ||    96
Dodge: Dodged            |    70 |    80 ||   150

Table legend:
 A = Non-vault XP
 B = Vault XP
 C = Vault XP percentage of total XP
 D = Non-vault monster count
 E = Vault monster count
 F = Vault count percentage of total count
                 A         B        C        D         E       F
            +---------+---------+-------+---------+---------+-------
      Total |     157 |      32 |  16.9 |      49 |      11 |  18.3
            +---------+---------+-------+---------+---------+-------
        D:1 |      41 |       1 |   2.4 |      24 |       1 |   4.0
        D:2 |      97 |       0 |   0.0 |      20 |       0 |   0.0
        D:3 |      19 |      31 |  62.0 |       5 |      10 |  66.7
            +---------+---------+-------+---------+---------+-------
